[Event "FIDE Womens Grand Swiss 2023"]
[Site "Douglas/Isle of Man"]
[Date "2023.11.04"]
[Round "10.14"]
[White "Kiolbasa, Oliwia"]
[Black "Paehtz, Elisabeth"]
[Result "1/2-1/2"]
[ECO "C02"]
[WhiteElo "2375"]
[BlackElo "2484"]
[Annotator "ChessBase"]
[PlyCount "88"]
[EventDate "2023.10.04"]
[EventType "swiss"]
[EventCountry "GBR"]
[SourceTitle "playchess.com"]
[Source "ChessBase"]
[SourceQuality "1"]
[TimeControl "40/6000+30:20/3000+30:900+30"]

1. e4 e6 2. d4 d5 3. e5 c5 4. c3 Nc6 5. Nf3 Bd7 6. Be2 f6 7. O-O fxe5 8. dxe5 Nh6 9. Re1 Qc7 10. Bd3 O-O-O 11. b4 Nf7 12. Bf4 Be7 13. h4 h6 14. Bg3 g5 15. h5 cxb4 16. a3 b3 17. Qxb3 g4 18. Nd4 Ncxe5 19. Bb5 Bd6 20. Nd2 Nf3+ 21. N2xf3 gxf3 22. Bxd7+ Qxd7 23. Bxd6 Nxd6 24. Nxf3 Nc4 25. Ne5 Nxe5 26. Rxe5 Rhf8 27. Qb4 Kb8 28. Rae1 Qf7 29. Qd4 Rd6 30. c4 Rfd8 31. cxd5 exd5 32. Re7 Qf6 33. Qxf6 Rxf6 34. R1e6 Rd6 35. Rxf6 Rxf6 36. Rd7 Rf5 37. g4 Rf4 38. Rxd5 Rxg4+ 39. Kf1 Kc7 40. Ke2 Ra4 41. Rd3 Ra5 42. Ke3 Rxh5 43. Ke4 Rh2 44. f4 b5 1/2-1/2

[Event "FIDE Womens Grand Swiss 2023"]
[Site "Douglas/Isle of Man"]
[Date "2023.11.04"]
[Round "10.15"]
[White "Guichard, Pauline"]
[Black "Bulmaga, Irina"]
[Result "1/2-1/2"]
[ECO "E49"]
[WhiteElo "2358"]
[BlackElo "2423"]
[Annotator "ChessBase"]
[PlyCount "90"]
[EventDate "2023.10.04"]
[EventType "swiss"]
[EventCountry "GBR"]
[SourceTitle "playchess.com"]
[Source "ChessBase"]
[SourceQuality "1"]
[TimeControl "40/6000+30:20/3000+30:900+30"]

1. d4 Nf6 2. c4 e6 3. Nc3 Bb4 4. e3 O-O 5. Bd3 d5 6. a3 Bxc3+ 7. bxc3 dxc4 8. Bxc4 c5 9. Ne2 Qc7 10. Bd3 Nc6 11. O-O e5 12. Ng3 Re8 13. Qc2 h6 14. Bb2 Be6 15. h3 Rac8 16. Rac1 cxd4 17. cxd4 Qb6 18. Qd2 exd4 19. exd4 Qa5 20. Qf4 Qg5 21. Qxg5 hxg5 22. Rc5 Bd5 23. Nf5 Be4 24. Bxe4 Nxe4 25. Rc2 Rcd8 26. Nxg7 Kxg7 27. d5+ Ne5 28. Re1 Nf6 29. Bxe5 Kg6 30. Kf1 Nxd5 31. Rc5 Re6 32. g3 b6 33. Rcc1 Rde8 34. Bc3 Nxc3 35. Rxe6+ Rxe6 36. Rxc3 Re4 37. Kg2 f6 38. g4 b5 39. Kg3 a5 40. Rc5 Ra4 41. Rxb5 Rxa3+ 42. f3 a4 43. Ra5 Kf7 44. h4 gxh4+ 45. Kxh4 Rxf3 1/2-1/2

[Event "FIDE Womens Grand Swiss 2023"]
[Site "Douglas/Isle of Man"]
[Date "2023.11.04"]
[Round "10.16"]
[White "Vantika Agrawal"]
[Black "Terbe, Julianna"]
[Result "1-0"]
[ECO "D12"]
[WhiteElo "2435"]
[BlackElo "2266"]
[Annotator "ChessBase"]
[PlyCount "69"]
[EventDate "2023.10.04"]
[EventType "swiss"]
[EventCountry "GBR"]
[SourceTitle "playchess.com"]
[Source "ChessBase"]
[SourceQuality "1"]
[TimeControl "40/6000+30:20/3000+30:900+30"]

1. d4 d5 2. c4 c6 3. Nf3 Nf6 4. e3 Bf5 5. Nc3 e6 6. Nh4 Bg6 7. Qb3 Qc7 8. Bd2 Ne4 9. Nxe4 Bxe4 10. cxd5 exd5 11. f3 Bg6 12. Nxg6 hxg6 13. O-O-O Nd7 14. Kb1 a5 15. e4 Nb6 16. e5 Be7 17. f4 a4 18. Qc2 a3 19. b3 c5 20. Bb5+ Kf8 21. dxc5 Qxc5 22. Qxc5 Bxc5 23. Rc1 Bd4 24. Rc7 g5 25. Rxb7 gxf4 26. Bxf4 Kg8 27. Rd1 Bf2 28. Rf1 Bd4 29. Bg3 Rf8 30. e6 Nc8 31. e7 Nxe7 32. Rxe7 Rh6 33. Rd7 Rc8 34. Rxd5 Bb2 35. Bc4 1-0

[Event "FIDE Womens Grand Swiss 2023"]
[Site "Douglas/Isle of Man"]
[Date "2023.11.04"]
[Round "10.17"]
[White "Fataliyeva, Ulviyya"]
[Black "Divya Deshmukh"]
[Result "0-1"]
[ECO "A06"]
[WhiteElo "2393"]
[BlackElo "2408"]
[Annotator "ChessBase"]
[PlyCount "64"]
[EventDate "2023.10.04"]
[EventType "swiss"]
[EventCountry "GBR"]
[SourceTitle "playchess.com"]
[Source "ChessBase"]
[SourceQuality "1"]
[TimeControl "40/6000+30:20/3000+30:900+30"]

1. Nf3 d5 2. e3 c5 3. b3 Nc6 4. Bb2 Bg4 5. h3 Bh5 6. Bb5 f6 7. d4 Qa5+ 8. Nc3 e6 9. a3 cxd4 10. exd4 a6 11. Be2 Bd6 12. O-O Nge7 13. b4 Qc7 14. b5 Na5 15. Nd2 Bf7 16. Na4 O-O 17. bxa6 bxa6 18. Nb3 e5 19. dxe5 fxe5 20. Bc3 Nxb3 21. cxb3 d4 22. Bb2 Qb7 23. Bc4 Ng6 24. g3 Bxc4 25. bxc4 Rf6 26. f3 Raf8 27. Kg2 e4 28. f4 Nxf4+ 29. gxf4 Rg6+ 30. Kh1 Qd7 31. f5 Rxf5 32. c5 e3 0-1

[Event "FIDE Womens Grand Swiss 2023"]
[Site "Douglas/Isle of Man"]
[Date "2023.11.04"]
[Round "10.18"]
[White "Aulia, Medina Warda"]
[Black "Mkrtchyan, Mariam"]
[Result "1-0"]
[ECO "B92"]
[WhiteElo "2362"]
[BlackElo "2343"]
[Annotator "ChessBase"]
[PlyCount "99"]
[EventDate "2023.10.04"]
[EventType "swiss"]
[EventCountry "GBR"]
[SourceTitle "playchess.com"]
[Source "ChessBase"]
[SourceQuality "1"]
[TimeControl "40/6000+30:20/3000+30:900+30"]

1. e4 c5 2. Nf3 d6 3. d4 cxd4 4. Nxd4 Nf6 5. Nc3 a6 6. Be2 e5 7. Nb3 Be7 8. O-O O-O 9. Re1 Be6 10. Bf3 Qc7 11. a4 Nbd7 12. Nd2 Nb6 13. Nf1 d5 14. a5 Nc4 15. Nxd5 Bxd5 16. exd5 Nxa5 17. b3 Bd6 18. Bd2 b6 19. Ng3 Nb7 20. h3 g6 21. c4 a5 22. Bc3 Rfe8 23. Qd2 Nc5 24. Rab1 Nfd7 25. Bg4 Nf8 26. f4 f6 27. fxe5 fxe5 28. Ne4 Nxe4 29. Rxe4 h5 30. Bf3 Re7 31. Qg5 Kh8 32. Kh1 Rae8 33. Rbe1 Qb8 34. g4 hxg4 35. Bxg4 Kg7 36. Bf5 Rf7 37. Rg1 Qd8 38. Qh5 Qf6 39. Rh4 Qxh4 40. Qxh4 Rxf5 41. Bd2 Kf7 42. Bh6 Bc5 43. Rd1 Nd7 44. Bg5 Rg8 45. d6 Bf2 46. Qg4 Rh8 47. Rf1 Nc5 48. Kg2 Rh5 49. h4 Nd3 50. d7 1-0

[Event "FIDE Womens Grand Swiss 2023"]
[Site "Douglas/Isle of Man"]
[Date "2023.11.04"]
[Round "10.19"]
[White "Matnadze Bujiashvili, Ann"]
[Black "Injac, Teodora"]
[Result "0-1"]
[ECO "D77"]
[WhiteElo "2400"]
[BlackElo "2426"]
[Annotator "ChessBase"]
[PlyCount "114"]
[EventDate "2023.10.04"]
[EventType "swiss"]
[EventCountry "GBR"]
[SourceTitle "playchess.com"]
[Source "ChessBase"]
[SourceQuality "1"]
[TimeControl "40/6000+30:20/3000+30:900+30"]

1. Nf3 d5 2. g3 g6 3. Bg2 Bg7 4. d4 Nf6 5. O-O O-O 6. c4 dxc4 7. Na3 a5 8. Nxc4 a4 9. Bf4 Nc6 10. Nce5 Nxe5 11. Bxe5 c6 12. Nd2 Be6 13. Qc2 Bh6 14. Bxf6 exf6 15. e3 f5 16. Nc4 Bg7 17. Rfd1 Qc7 18. Rac1 Rfd8 19. Qe2 Rac8 20. Qe1 h5 21. a3 Bd5 22. Bxd5 Rxd5 23. Qb4 b5 24. Nd2 Qd7 25. Nf3 c5 26. Qe1 Rd8 27. Qe2 h4 28. Rd2 cxd4 29. Nxd4 Bxd4 30. Rcd1 Qe6 31. exd4 Qf6 32. Qe3 h3 33. Rd3 Kg7 34. R3d2 R8d7 35. Kf1 Re7 36. Qc3 Re4 37. Rd3 Qd6 38. Re3 Qf6 39. Red3 f4 40. g4 Qe6 41. R3d2 Qf6 42. Qxh3 f3 43. Rd3 Rexd4 44. g5 Qf4 45. Re1 Re5 46. Rde3 Rde4 47. Qg3 Rxe3 48. fxe3 Qc4+ 49. Kg1 Rf5 50. Rf1 Qc5 51. Qf2 Rxg5+ 52. Kh1 Qe5 53. Qxf3 Rf5 54. Qg2 Rxf1+ 55. Qxf1 Qxb2 56. e4 b4 57. Qf4 Qf6 0-1

[Event "FIDE Womens Grand Swiss 2023"]
[Site "Douglas/Isle of Man"]
[Date "2023.11.04"]
[Round "10.20"]
[White "Sandu, Mihaela"]
[Black "Kosteniuk, Alexandra"]
[Result "0-1"]
[ECO "B49"]
[WhiteElo "2298"]
[BlackElo "2523"]
[Annotator "RC"]
[PlyCount "114"]
[EventDate "2023.10.04"]
[EventType "swiss"]
[EventCountry "GBR"]
[SourceTitle "playchess.com"]
[Source "ChessBase"]
[SourceQuality "1"]
[TimeControl "40/6000+30:20/3000+30:900+30"]

1. e4 c5 2. Nf3 e6 3. d4 cxd4 4. Nxd4 Nc6 5. Nc3 Qc7 6. Be2 Nf6 7. Be3 a6 8. Nxc6 bxc6 9. f4 d5 10. e5 Nd7 11. O-O Be7 12. Kh1 g6 13. Qe1 Bb7 14. Rd1 c5 15. Bc1 O-O 16. b3 Nb6 17. Bf3 Rad8 18. a4 Kh8 19. Bb2 f5 20. exf6 Bxf6 21. a5 Nc8 22. Qxe6 Qg7 23. Qe1 Rfe8 24. Qd2 Nd6 25. Rfe1 Nf5 26. Ba1 Bd4 27. h3 g5 28. Na4 Rxe1+ 29. Qxe1 Bxa1 30. Rxa1 Ne3 31. Nxc5 Nxc2 32. Qe5 Qxe5 33. fxe5 Nxa1 34. Nxb7 Re8 35. Be2 Rxe5 36. Bxa6 Nxb3 37. Bd3 Re3 38. Bf5 Re1+ 39. Kh2 Ra1 40. Be6 Nxa5 41. Bxd5 Nxb7 42. Bxb7 h5 43. Bf3 h4 44. Bd5 Kg7 45. Bf3 Kf6 46. Bd5 Ke5 47. Bf3 Kf4 48. Bb7 Ra3 49. Bc6 Rc3 50. Bb7 Rg3 51. Bc6 g4 52. hxg4 Rxg4 53. Bb7 Rg7 54. Bc6 Rc7 55. Bd5 Re7 56. Bc6 h3 57. g3+ Kg4 0-1

[Event "FIDE Womens Grand Swiss 2023"]
[Site "Douglas/Isle of Man"]
[Date "2023.11.04"]
[Round "10.21"]
[White "Roebers, Eline"]
[Black "Danielian, Elina"]
[Result "1-0"]
[ECO "B09"]
[WhiteElo "2390"]
[BlackElo "2416"]
[Annotator "ChessBase"]
[PlyCount "63"]
[EventDate "2023.10.04"]
[EventType "swiss"]
[EventCountry "GBR"]
[SourceTitle "playchess.com"]
[Source "ChessBase"]
[SourceQuality "1"]
[TimeControl "40/6000+30:20/3000+30:900+30"]

1. e4 d6 2. d4 Nf6 3. Nc3 g6 4. f4 Bg7 5. Nf3 O-O 6. a3 c5 7. dxc5 Qa5 8. b4 Qd8 9. Bd2 dxc5 10. e5 Nfd7 11. Bd3 Nc6 12. h4 cxb4 13. Ne4 h5 14. axb4 Nb6 15. Qe2 Bg4 16. c3 Qc8 17. Nf2 Bf5 18. Bxf5 Qxf5 19. b5 Nd8 20. g4 hxg4 21. Nd4 Qd7 22. h5 gxh5 23. f5 Qd5 24. f6 exf6 25. Rxh5 Re8 26. Nxg4 Nc4 27. O-O-O Nxe5 28. Nf5 Nd3+ 29. Qxd3 Qxd3 30. Nxf6+ Bxf6 31. Rg1+ Kf8 32. Bh6+ 1-0

[Event "FIDE Womens Grand Swiss 2023"]
[Site "Douglas/Isle of Man"]
[Date "2023.11.04"]
[Round "10.22"]
[White "Lee, Alice"]
[Black "Savitha Shri B"]
[Result "1/2-1/2"]
[ECO "A65"]
[WhiteElo "2388"]
[BlackElo "2375"]
[Annotator "ChessBase"]
[PlyCount "154"]
[EventDate "2023.10.04"]
[EventType "swiss"]
[EventCountry "GBR"]
[SourceTitle "playchess.com"]
[Source "ChessBase"]
[SourceQuality "1"]
[TimeControl "40/6000+30:20/3000+30:900+30"]

1. d4 c5 2. d5 d6 3. e4 g6 4. c4 Bg7 5. Ne2 Nf6 6. Ng3 O-O 7. Nc3 e6 8. Be2 exd5 9. cxd5 Nbd7 10. O-O Re8 11. a4 a6 12. Be3 h5 13. Bg5 Qb6 14. Qd2 Nh7 15. Bh6 h4 16. Bxg7 Kxg7 17. Nh1 Ndf6 18. f3 Bd7 19. Nf2 Qb4 20. Ra2 b5 21. Qf4 c4 22. axb5 axb5 23. Rfa1 Rxa2 24. Rxa2 Qc5 25. Qd2 Rb8 26. Ncd1 b4 27. Ra1 Bb5 28. Rc1 Nd7 29. Bxc4 Bxc4 30. Ne3 Nb6 31. b3 Ra8 32. Qb2+ Kg8 33. Nxc4 Nxc4 34. Rxc4 Qe3 35. Kf1 Rb8 36. Ng4 Qd3+ 37. Kf2 f6 38. Rc7 Ra8 39. Rc4 Qd1 40. Qc2 Qa1 41. Rc8+ Rxc8 42. Qxc8+ Nf8 43. Ne3 Qd4 44. Ke2 Qa1 45. h3 Qd4 46. Qc4 Qb2+ 47. Qc2 Qa1 48. f4 Qd4 49. Qc4 Qb2+ 50. Kf3 Qd2 51. Qc6 Qe1 52. Qxd6 Qg3+ 53. Ke2 g5 54. Qxf6 gxf4 55. Ng4 Qxg2+ 56. Nf2 Qg3 57. Qd4 Qxb3 58. e5 f3+ 59. Kf1 Qb1+ 60. Nd1 Qf5 61. Nf2 b3 62. e6 Qg5 63. Ng4 Nh7 64. e7 Kf7 65. d6 Qc1+ 66. Kf2 Qc2+ 67. Kxf3 Ng5+ 68. Ke3 Qc1+ 69. Ke2 Qc2+ 70. Kf1 Qc1+ 71. Ke2 Qc2+ 72. Kf1 Qc1+ 73. Ke2 Qc2+ 74. Kf1 Qb1+ 75. Ke2 Qc2+ 76. Kf1 Qb1+ 77. Ke2 Qc2+ 1/2-1/2

[Event "FIDE Womens Grand Swiss 2023"]
[Site "Douglas/Isle of Man"]
[Date "2023.11.04"]
[Round "10.23"]
[White "Hoang, Thanh Trang"]
[Black "Kanyamarala, Trisha"]
[Result "1-0"]
[ECO "D05"]
[WhiteElo "2398"]
[BlackElo "2184"]
[Annotator "ChessBase"]
[PlyCount "95"]
[EventDate "2023.10.04"]
[EventType "swiss"]
[EventCountry "GBR"]
[SourceTitle "playchess.com"]
[Source "ChessBase"]
[SourceQuality "1"]
[TimeControl "40/6000+30:20/3000+30:900+30"]

1. d4 Nf6 2. Nf3 d5 3. e3 e6 4. Bd3 c5 5. O-O Be7 6. b3 Nbd7 7. Bb2 b6 8. Nbd2 Bb7 9. Ne5 O-O 10. Qf3 g6 11. Rad1 Qc7 12. Qh3 Nxe5 13. dxe5 Ne4 14. Bxe4 dxe4 15. Qg4 Qc6 16. Rfe1 b5 17. c4 a6 18. Rc1 Rfd8 19. Nf1 h5 20. Qe2 Rd3 21. Qc2 Rad8 22. Qb1 Kg7 23. h3 Qe8 24. Ng3 Qh8 25. Red1 R8d7 26. Rxd3 exd3 27. Rd1 Qd8 28. Bc3 Bf8 29. Rd2 Kg8 30. f4 h4 31. Nh1 Qa8 32. Qf1 bxc4 33. bxc4 a5 34. Nf2 Ba6 35. Ng4 Be7 36. Qf2 Bxc4 37. Nf6+ Bxf6 38. exf6 Qd5 39. Qxh4 Qh5 40. Qf2 Qd5 41. e4 Qh5 42. Be5 Ba6 43. Qxc5 Qh4 44. Kh2 Qe1 45. Rb2 Rd8 46. Qb6 Rf8 47. Qxa6 d2 48. Qd6 1-0

[Event "FIDE Womens Grand Swiss 2023"]
[Site "Douglas/Isle of Man"]
[Date "2023.11.04"]
[Round "10.24"]
[White "Gomez Barrera, Javiera Belen"]
[Black "Arakhamia-Grant, Ketevan"]
[Result "0-1"]
[ECO "B32"]
[WhiteElo "2266"]
[BlackElo "2297"]
[Annotator "ChessBase"]
[PlyCount "142"]
[EventDate "2023.10.04"]
[EventType "swiss"]
[EventCountry "GBR"]
[SourceTitle "playchess.com"]
[Source "ChessBase"]
[SourceQuality "1"]
[TimeControl "40/6000+30:20/3000+30:900+30"]

1. e4 c5 2. Nf3 Nc6 3. d4 cxd4 4. Nxd4 e5 5. Nb5 d6 6. c4 Be6 7. N5c3 Be7 8. Na3 Nf6 9. Nc2 O-O 10. Be2 Rc8 11. O-O Nb8 12. Ne3 Nbd7 13. Bd3 a6 14. Qe2 Nc5 15. Bc2 g6 16. Rd1 Bd7 17. Ned5 Nxd5 18. Nxd5 Bg5 19. Be3 Bxe3 20. fxe3 Kh8 21. Nc3 Qb6 22. b3 Be6 23. Qd2 Rcd8 24. Kh1 a5 25. Rab1 Qc6 26. Rf1 b6 27. Rf2 Qb7 28. Rbf1 Qe7 29. a3 Qg5 30. Qe2 Rc8 31. Nb5 Qe7 32. Rd1 Rfd8 33. a4 h5 34. h3 Kg7 35. Qf3 Rd7 36. Rfd2 Rcd8 37. Qg3 Nb7 38. Rf1 h4 39. Qf2 Nc5 40. Rfd1 Nb7 41. Nc3 Rf8 42. Qf3 Qg5 43. Nb5 Qd8 44. Qe2 Qe7 45. Rf1 Nc5 46. Rfd1 Rfd8 47. Qf3 g5 48. Rf1 g4 49. hxg4 Qg5 50. Bd1 Qg6 51. Nc3 Rh8 52. Kg1 Rh6 53. Rdf2 Rd8 54. Rd2 Kg8 55. Nd5 Bxd5 56. exd5 Ne4 57. Rb2 h3 58. gxh3 Ng5 59. Qg2 Nxh3+ 60. Kh1 Nf4+ 61. Qh2 Qe4+ 62. Rf3 Rxh2+ 63. Rxh2 Nd3 64. Kg1 Kf8 65. Kf1 Ke7 66. Rh5 Nc5 67. Rhf5 Rf8 68. g5 Qd3+ 69. Be2 Qb1+ 70. Kg2 Nd7 71. g6 fxg6 0-1

[Event "FIDE Womens Grand Swiss 2023"]
[Site "Douglas/Isle of Man"]
[Date "2023.11.05"]
[Round "11.9"]
[White "Goryachkina, Aleksandra"]
[Black "Dronavalli, Harika"]
[Result "1/2-1/2"]
[ECO "E05"]
[WhiteElo "2558"]
[BlackElo "2502"]
[Annotator "TA"]
[PlyCount "126"]
[EventDate "2023.10.04"]
[EventType "swiss"]
[EventCountry "GBR"]
[SourceTitle "playchess.com"]
[Source "ChessBase"]
[SourceQuality "1"]
[TimeControl "40/6000+30:20/3000+30:900+30"]

1. d4 d5 2. c4 e6 3. Nf3 Nf6 4. g3 Be7 5. Bg2 O-O 6. O-O dxc4 7. Qc2 b5 8. a4 {[%emt 0:00:38] E05: Open Catalan: 5 Nf3 Be7.} b4 9. Nfd2 Nd5 $1 {[%emt 0:00:53] 9...Nd5 is better than 9...c6.} 10. Nxc4 {[%emt 0:01:04] White is slightly better.} c5 11. dxc5 Bxc5 12. e4 Nb6 {[%emt 0:00:56] [#]} 13. Be3 $5 $146 {[%emt 0:07:41][%mdl 8] An interesting novelty.} (13. Ncd2 $14 {should be considered.} Na6 14. Nb3) ({Predecessor:} 13. Ncd2 N8d7 14. a5 Ba6 15. axb6 Rc8 16. Qd1 Qxb6 17. Nb3 Bxf1 18. Qxf1 h6 19. N1d2 {1-0 Maghsoodloo,P (2721)-Wang,H (2722) Shusha Blitz 2022 (14)}) 13... Qe7 14. Nxb6 axb6 15. Bxc5 bxc5 16. Nd2 Ba6 17. Rfc1 {[%emt 0:02:30][%cal Oe4e5] Threatens to win with e5!} Nd7 18. Bf1 Rfc8 19. Bxa6 Rxa6 20. Nc4 Nb6 21. b3 Nxc4 22. Qxc4 Rd6 23. a5 h5 24. Rd1 Rdc6 (24... h4 $14) 25. a6 $16 Ra8 {[%emt 0:00:37] [#]} 26. Qb5 $1 Qc7 27. Rdc1 {[%emt 0:03:09] White is more active.} (27. a7 $16) 27... Ra7 28. Ra5 g6 (28... h4 $1 $11) 29. Kg2 (29. Rxc5 {simplifies} Rxc5 30. Qxc5 Qxc5 31. Rxc5 Rxa6 32. Rb5) 29... Kh7 30. h4 (30. Rxc5 {simplifies} Rxc5 31. Qxc5 Qxc5 32. Rxc5 Rxa6 33. Rb5) 30... Qb6 31. Qxb6 Rxb6 32. Rcxc5 Raxa6 33. Rxa6 Rxa6 $14 {[%emt 0:00:06][%mdl 4096] Endgame KR-KR} 34. Rb5 e5 35. Rxb4 Ra2 $2 (35... Kg7 $14) 36. Rb8 $2 (36. Rb7 $18 {and White stays clearly on top.}) 36... Rb2 $2 (36... f6 $16 37. b4 Ra4) 37. b4 $18 Kg7 38. b5 Rb4 {[%emt 0:00:23] [#]} 39. Kf3 Rb3+ $2 (39... f5 {keeps fighting.} 40. exf5 gxf5) 40. Ke2 Rb2+ 41. Ke3 Rb3+ 42. Kd2 Rb2+ (42... f5 $142 43. b6 fxe4) 43. Kc3 Rxf2 44. b6 Rf1 45. Kc4 Rb1 46. Kd5 Rb3 47. Kxe5 $2 ({Only move:} 47. Rb7 $18 Rxg3 48. Rd7 (48. Kxe5 Rb3 $11)) 47... Rxg3 $14 48. Rc8 $2 ({Better is} 48. Kd5 $18 {aiming for Rc8.} Rb3 49. Kc6 Rc3+ 50. Kd6) 48... Rb3 $11 {[%emt 0:00:00] ...Rb5+ would be deadly. The position is equal.} 49. Rc6 g5 $1 50. hxg5 {[%emt 0:00:00] Black must now prevent Kd6.} h4 $1 51. Kd5 h3 52. Rh6 h2 53. Kc6 Rc3+ 54. Kb7 Rc2 55. e5 Rb2 56. Ka7 Ra2+ 57. Kb8 Rc2 58. b7 Rb2 59. Kc7 Rc2+ 60. Kb6 Rb2+ 61. Kc6 {[%emt 0:15:22][%cal Oh6h2] Strongly threatening Rxh2!} (61. Ka7 $5 Ra2+ $8 62. Kb6 Rb2+ 63. Kc6 Rc2+ 64. Kd6 $11) 61... Rc2+ 62. Kd5 Rb2 63. Rxh2 {[%emt 0:00:31][%mdl 64] Promotion} Rxb7 {[%emt 0:00:04] Black defended with fortune.   Weighted Error Value: White=0.21 (precise) /Black=0.22 (precise)} 1/2-1/2